 Dungeon Crawl Stone Soup version 0.24.1-14-gf8d2b509d9 (console) character file.

Game seed: 4667629028335439624, levelgen mode: deterministic

58 Kagalorn the Ruffian (level 4, -3/35 HPs)
             Began as a Barachi Warper on Aug 12, 2020.
             Shot with an arrow by a centaur (7 damage)
             ... on level 5 of the Dungeon.
             The game lasted 00:05:13 (728 turns).

Kagalorn the Ruffian (Barachi Warper)                Turns: 728, Time: 00:05:14

Health: -3/35      AC:  6    Str: 13    XL:     4   Next: 1%
Magic:  7/7        EV: 12    Int: 14    God:
Gold:   73         SH:  0    Dex: 11    Spells: 7/7 levels left

rFire    . . .     SeeInvis .     - Unarmed
rCold    . . .     Gourm    .   (no shield)
rNeg     . . .     Faith    .   a - +0 leather armour
rPois    .         Spirit   .   j - +0 helmet
rElec    .         Reflect  .   (no cloak)
rCorr    .         Harm     .   (no gloves)
MR       .....                  (no boots)
Stlth    +.........             (no amulet)
HPRegen  0.11/turn              (no ring)
MPRegen  0.10/turn              (no ring)

@: marked, very slightly contaminated, slow
A: +LOS, swims, molten scales 1, mutation resistance 1, slowness 1, strong legs
1
a: Hop


You were on level 5 of the Dungeon.
You were not hungry.

You visited 1 branch of the dungeon, and saw 5 of its levels.

You collected 73 gold pieces.

Inventory:

Missiles
 d - 5 boomerangs of dispersal (quivered)
Armour
 a - a +0 leather armour (worn)
 j - a +0 helmet (worn)
Wands
 b - a wand of iceblast (8)
Scrolls
 i - a scroll of fear
Potions
 g - a potion of flight
Comestibles
 f - 3 rations
 m - 5 chunks of flesh


   Skills:
 + Level 3.4 Fighting
 - Level 1.0 Throwing
 - Level 1.2 Armour
 - Level 2.1 Dodging
 * Level 4.0 Unarmed Combat
 - Level 2.1 Spellcasting
   Level 3.2 Translocations


You had 7 spell levels left.
You didn't know any spells.
Your spell library contained the following spells:

 Spells                   Type           Power        Failure   Level  Hunger
 Blink                    Tloc           N/A          12%         2    ###....
 Shroud of Golubria       Chrm/Tloc      #.....       22%         2    ###....
 Gell's Gravitas          Tloc           ##........   22%         3    ###....
 Lesser Beckoning         Tloc           ##........   22%         3    ###....
 Teleport Other           Tloc           ##......     22%         3    ###....
 Confusing Touch          Hex            #.....       30%         1    #......
 Passage of Golubria      Tloc           N/A          58%         4    #####..
 Confuse                  Hex            #.......     65%         3    ###....
 Petrify                  Tmut/Erth      #.......     96%         4    #####..
 Metabolic Englaciation   Hex/Ice        #.........   100%        5    ######.
 Yara's Violent Unravell  Hex/Tmut       #.........   100%        5    ######.


Dungeon Overview and Level Annotations

Branches:
Dungeon (5/15)
 Temple: D:4-7

Altars:
Fedhas
Makhleb
The Shining One


Innate Abilities, Weirdness & Mutations

Shadows flee at your approach. (+LOS)
You can swim through water.
You cover ground slowly.
You can hop short distances.
You are partially covered in molten scales. (AC +2)
You are somewhat resistant to further mutation.


Message History

The quokka bites you.
The centaur wields a +0 shortbow.
The centaur shoots an arrow.
The arrow hits you. The giant cockroach closely misses you.
The quokka bites you.
A worker ant comes into view.
The jackal bites you but does no damage.
The giant cockroach barely misses you.
The centaur shoots an arrow.
The arrow hits you!
* * * LOW HITPOINT WARNING * * *
The quokka barely misses you.
You see here 2 arrows.
A kobold comes into view.
The jackal pauses to sniff the ground.
A big kobold comes into view.
The quokka misses you.
The jackal bites you but does no damage.
The big kobold moves out of view.
A kobold comes into view.
The centaur shoots an arrow.
The arrow hits you!
You die...

*,*,,,,,*,,,***K....#**********
,,,,,>*,,,*,***.....#
*,,,,,,,,,,,,**#.K..#
*,,,,**,,,,,,,,.....#
*,,*,**,,,,,,,,#....*
,,,,,,,,,,,,,**#...,*
,,,,,*****,*** #..,,* ,,,,,***
*,* #K#***
****,,,*##,*####@####
****,,,,,..##.....hs##
,,,,,,,,,...c....ora.##
******,,..###.....oc.o########
,,,,,,...h###.......o5r......#
******.......a<......h.......#
*...{##########...a.....#
*,,,,* #.........# *,,,,*
#.........#


You could see a big kobold, 2 centaurs, 3 worker ants, a crimson imp, 4 orcs, 2
quokkas, 2 jackals, a giant cockroach and 2 kobolds.

Vanquished Creatures
  An iguana (D:4)
  A dart slug (D:2)
  2 orcs
  2 giant cockroaches (D:2)
  3 goblins
  2 hobgoblins
  6 jackals
  2 quokkas
  A bat (D:1)
  A frilled lizard (D:4)
  A leopard gecko skeleton (D:4)
  A quokka skeleton (D:4)
  A rat (D:2)
24 creatures vanquished.

Notes
Turn   | Place    | Note
-------+----------+-------------------------------------------
     0 | D:1      | Kagalorn the Barachi Warper began the quest for the Orb.
     0 | D:1      | Reached XP level 1. HP: 17/17 MP: 3/3
   118 | D:2      | Reached XP level 2. HP: 7/23 MP: 5/5
   282 | D:2      | Reached skill level 3 in Unarmed Combat
   468 | D:3      | Reached XP level 3. HP: 27/29 MP: 6/6
   489 | D:3      | Found a burning altar of Makhleb.
   491 | D:3      | Found a glowing golden altar of the Shining One.
   632 | D:4      | Gained mutation: You are weak. (Str -2) [potion of
                  | mutation]
   632 | D:4      | Gained mutation: You are partially covered in molten
                  | scales. (AC +2) [potion of mutation]
   632 | D:4      | Lost mutation: You are weak. (Str -2) [potion of mutation]
   632 | D:4      | Gained mutation: You are somewhat resistant to further
                  | mutation. [potion of mutation]
   655 | D:4      | Reached skill level 4 in Unarmed Combat
   655 | D:4      | Reached XP level 4. HP: 16/35 MP: 7/7
   675 | D:4      | Found a blossoming altar of Fedhas.
   705 | D:5      | Entered Level 5 of the Dungeon
   721 | D:5      | Noticed a centaur
   725 | D:5      | Noticed a centaur
   727 | D:5      | Noticed a big kobold
   728 | D:5      | Shot with an arrow by a centaur

Levels and vault maps discovered:
D:1:      psy_arrival_whirlpool, layout_rooms
D:2:      layout_loops_ring, overflow_temple_1_default
D:3:      layout_loops_ring, chequers_temple_overflow_statue_of_worship,
          nicolae_ru_the_path_less_chosen, okawaru_ov_weapons_minmay,
          uniq_sigmund, uniq_natasha
D:4:      kennysheep_the_goblin_king, layout_basic, lemuel_round_altar,
          lemuel_round_altar, serial_curves, eino_curves_03, eino_curves_01
D:5:      layout_rooms, serial_shops, nicolae_shop_crystal, first_ration

Skill      XL: |  1  2  3 |
---------------+----------+-----
Unarmed Combat | 3 4 |  4.0
Fighting       | 3 |  3.4
Throwing       | |  1.0
Armour         | |  1.2
Dodging        | |  2.1
Spellcasting   | |  2.1
Translocations | |  3.2

Action                   |  1- 3 |  4- 6 || total
-------------------------+-------+-------++-------
Melee: Unarmed           |    99 |       ||    99
 Abil: Hop               |     1 |       ||     1
  Use: Potion            |     5 |       ||     5
       Scroll            |       |     4 ||     4
Armor: Leather armour    |    15 |     4 ||    19
Dodge: Dodged            |    55 |    12 ||    67
